 Dungeon Crawl Stone Soup version 0.29.0-4-gdea44cf6ec (webtiles) character file.

Game seed: 5327344542014550867

60 SnakkuSnakku7 the Slasher (level 4, 0/27 HPs)
             Began as a Tengu Warper on Aug 27, 2022.
             Slain by Natasha (5 damage)
             ... on level 2 of the Dungeon.
             The game lasted 00:01:53 (1078 turns).

SnakkuSnakku7 the Slasher (Tengu Warper)            Turns: 1078, Time: 00:01:53

Health: 0/27       AC:  5    Str: 11    XL:     4   Next: 6%
Magic:  8/8        EV: 10    Int: 16    God:
Gold:   75         SH:  0    Dex: 13    Spells: 7/7 levels left

rFire   . . .      SeeInvis .   m - +0 long sword
rCold   . . .      Faith    .   (no shield)
rNeg    . . .      Spirit   .   f - +0 ring mail
rPois   .          Reflect  .   (helmet restricted)
rElec   .          Harm     .   (no cloak)
rCorr   .          Rampage  .   (no gloves)
Will    .....                   (boots unavailable)
Stlth   +.........              (no amulet)
HPRegen 0.09/turn               (no ring)
MPRegen 0.11/turn               (no ring)

@: slowed, very slow
A: beak, talons 3
a: no special abilities


You were on level 2 of the Dungeon.
You visited 1 branch of the dungeon, and saw 2 of its levels.

You collected 75 gold pieces.

Inventory:

Hand Weapons
 a - a +0 falchion
 m - a +0 long sword (weapon)
Missiles
 d - 7 boomerangs of dispersal (quivered)
Armour
 b - a +0 leather armour
 f - a +0 ring mail (worn)
Scrolls
 c - a scroll of blinking
 i - a scroll of teleportation {unknown}
 j - 2 scrolls of vulnerability {unknown}
 l - a scroll of brand weapon {unknown}
 o - 2 scrolls of identify {unknown}
Potions
 e - a potion of heal wounds {unknown}
 g - 2 potions of degeneration {unknown}
 h - 4 potions of curing {unknown}
 k - a potion of brilliance {unknown}
 n - a potion of haste {unknown}
 p - a potion of lignification {unknown}


   Skills:
 - Level 2.8 Fighting
 - Level 3.1 Long Blades
 - Level 1.0 Throwing
 - Level 1.1 Armour
 - Level 2.1 Dodging
 - Level 2.0 Spellcasting
 + Level 1.9 Conjurations
 - Level 2.4 Translocations
 + Level 1.9 Air Magic


You had 7 spell levels left.
You didn't know any spells.
Your spell library contained the following spells:

 Spells                   Type           Power      Damage    Failure   Level
 Magic Dart               Conj           28%        1d4       22%         1
 Blink                    Tloc           18%        N/A       28%         2
 Static Discharge         Conj/Air       7%         3-4/arc   32%         2
 Gell's Gravitas          Tloc           9%         N/A       50%         3
 Lesser Beckoning         Tloc           9%         N/A       50%         3
 Teleport Other           Tloc           9%         N/A       50%         3
 Call Imp                 Summ           1%         N/A       58%         2
 Mephitic Cloud           Conj/Pois/Air  5%         N/A       65%         3
 Vampiric Draining        Necr           1%         2d6       82%         3
 Sticky Flame             Conj/Fire      4%         2d3       97%         4
 Animate Armour           Summ/Erth      2%         N/A       99%         4
 Animate Dead             Necr           1%         N/A       99%         4
 Dispel Undead            Necr           1%         3d6       99%         4
 Manifold Assault         Tloc           9%         N/A       99%         5
 Blade Hands              Tmut           0%         N/A       100%        5
 Freezing Cloud           Conj/Ice/Air   2%         6-21      100%        5
 Iron Shot                Conj/Erth      2%         9d2       100%        6


Dungeon Overview and Level Annotations

Branches:
Dungeon (2/15)

Altars:

Annotations:
D:2 Natasha


Innate Abilities, Weirdness & Mutations

You have a beak for a mouth.
You have claws for feet.


Message History

Natasha, Servant of Life and Death comes into view.
You start waiting.
An endoplasm is nearby!
Natasha hisses angrily.
The endoplasm freezes you.
You are frozen.
You hit the endoplasm. You peck the endoplasm.
The endoplasm is heavily wounded.
The endoplasm barely misses you.
You hit the endoplasm. Your peck misses the endoplasm.
The endoplasm is almost dead.
The endoplasm hits you but does no damage.
You hit the endoplasm.
You kill the endoplasm!
You hit Natasha. You claw Natasha. Your peck misses Natasha.
Natasha is severely wounded.
Natasha stares at you and mumbles some strange words.
You feel yourself slow down. Natasha claws you!
You hit Natasha but do no damage. Your kick misses Natasha.
Your peck misses Natasha.
Natasha is severely wounded.
Natasha claws you. x2
You are too injured to fight recklessly!
You are too injured to fight recklessly!
You are too injured to fight recklessly!
You hit Natasha. Your kick misses Natasha. You peck Natasha, but do no damage.
Natasha is almost dead.
Natasha claws you.
* * * LOW HITPOINT WARNING * * *
You hit Natasha but do no damage. You peck Natasha, but do no damage.
Natasha is almost dead.
Natasha howls an incantation.
Natasha's front paws start to glow.
Natasha casts a spell at you. You resist with some effort. Natasha claws you.
* * * LOW HITPOINT WARNING * * *
You closely miss Natasha. Your peck misses Natasha.
Natasha is almost dead.
Natasha claws you.
You die...

.# .# .# ##
##.# .. #.. #.
. #.# #
h...######.###
#
.!.......h...#
#
##=#######@#.#
####.#.#####
#...........
#.##.#.#####
#.##.#.#
#.#.#..#
#..###.#
#...#.##
#..#.##


You could see Natasha.

Vanquished Creatures
  Natasha (D:2)
  6 endoplasms
  2 giant cockroaches (D:1)
  2 goblins (D:1)
  3 hobgoblins
  7 jackals (D:1)
  2 kobolds
  A quokka (D:2)
  2 ball pythons (D:1)
  4 rats
30 creatures vanquished.

Notes
Turn   | Place    | Note
-------+----------+-------------------------------------------
     0 | D:1      | SnakkuSnakku7 the Tengu Warper began the quest for the Orb.
     0 | D:1      | Reached XP level 1. HP: 12/12 MP: 4/4
   102 | D:1      | Reached XP level 2. HP: 18/18 MP: 6/6
   269 | D:1      | Reached skill level 3 in Long Blades
   278 | D:1      | Got the Parchment of the Brume and Dark Mysteries
   444 | D:1      | Reached XP level 3. HP: 15/22 MP: 7/7
   804 | D:2      | Identified the +0 plate armour "Doxtow" {rElec rC+}
   866 | D:2      | Noticed Natasha
   869 | D:2      | Killed Natasha
   870 | D:2      | Reached skill level 1 in Conjurations
   870 | D:2      | Reached skill level 1 in Air Magic
   900 | D:2      | Reached XP level 4. HP: 23/27 MP: 8/8
  1061 | D:2      | Noticed Natasha
  1078 | D:2      | Slain by Natasha

Illustrated notes

Levels and vault maps discovered:
D:1:      lightli_arrival_quake, layout_basic
D:2:      layout_loops_ring, eino_tiny_chamber, kennysheep_nondescript,
          uniq_natasha

Skill      XL: |  1  2  3 |
---------------+----------+-----
Long Blades    | 3 |  3.1
Conjurations   | 1 |  1.9
Air Magic      | 1 |  1.9
Fighting       | |  2.8
Throwing       | |  1.0
Armour         | |  1.1
Dodging        | |  2.1
Spellcasting   | |  2.0
Translocations | |  2.4

Action                   |  1- 3 |  4- 6 || total
-------------------------+-------+-------++-------
Melee: Falchion          |    46 |       ||    46
       Kick              |    14 |     1 ||    15
       Peck              |     9 |     4 ||    13
       Long sword        |     5 |    13 ||    18
Armor: Ring mail         |    26 |     3 ||    29
Dodge: Dodged            |    21 |     4 ||    25
